cohdb
Replays
Latest Replays
All Replays
Popular Replays
Top Player Replays
Match Explorer
How It Works
Community
CoH3 Stats
Reddit
Sign in to upload your games and track your stats! →
Sign in with Steam
Match 39928602
Unlisted
Match 39928602
Overview
Messages
Build Orders
End
Panzergrenadier Squad
Selects Battlefield Espionage Battlegroup
Panzergrenadier Squad
Panzergrenadier Squad
Construct Light Support Kompanie
Selects Intel Disruption Beacon
2.5-tonne Medical Truck
Construct Mechanized Kompanie
Panzergrenadier Squad
Marder III Tank Destroyer
Veteran Squad Leaders
Construct Panzerarmee Kommand
Flak 36 Anti-tank Gun Team
Selects Plunder
Selects Firestorm
Selects 250/3 Funkpanzerwagen
Panzer III L Medium Tank
Twin
Karl Müller
소아성애자 다니엘 D
1대1 플레이어는 모두 부
Achilles Gaming @ YouTube
So1os
[SIN7]NecessaryEvil
l3geNDry
0
0
Comments
sign in to comment!
No comments posted yet!